Workbook

Sheet Project Info
A1: General and Summary Information
A2: This application is on Microsoft Office Excel 2016. Attempts to complete the application on earlier versions of Excel may create errors in the application. The majority of the cells in the application are "read only" and cannot be changed. The fields in yellow are unlocked for entry.
B4: 1. | C4: Project Name
C6: Site Address
C7: City | H7: County
C8: Zip Code | H8: State | I8: MT
B10: 2. | C10: Project Description
B18: 3. | C18: Funding Request
D19: HOME
D20: HTF
D21: CDBG-Housing
D22: Total Requested | F22: =SUM(F19:G21) -> 0
A24: Project Specific Information
B26: 1. | C26: Total Number of Residential Units
C27: Residential Square Footage
C28: Common Space Square Footage
B30: 2. | C30: Population Served
D31:  | E31: Family | F31: 0
A32: Yes | D32:  | E32: Senior | F32: 55+ | H32:  | I32: 62+ | K32: 
A33: No | D33:  | E33: Homeless
D34:  | E34: Veterans
D35:  | E35: Permanent Supportive Housing
D36:  | E36: Other :
C38: Will the project have project-based rental assistance? | I38: 
C40: If yes what type(s) of subsidy?
B42: 3. | C42: Amenities
D43:  | E43: Common Laundry | I43:  | J43: Community Garden
D44:  | E44: In-Unit Laundry | I44:  | J44: Computer Room
D45:  | E45: Washer/Dryer Hook-Ups | I45:  | J45: Pet area
D46:  | E46: Microwave | I46:  | J46: Playground
D47:  | E47: Dishwasher | I47:  | J47: Emergency Call
D48:  | E48: Air Conditioning | I48:  | J48: Wifi
D49:  | E49: Ceiling Fan | I49:  | J49: Other
B51: 4. | C51: Accessibility
D52:  | E52: 5% of the units, or at least one unit, whichever is greater, are accessible for persons with mobility disabilities.
D53:  | E53: 2% of the units, or at least one unit, whichever is greater, are accessilbe for persons with visual disabilities.
D55: Total number of acccessible units | H55: Total number of sensory units
E56: =D56/G26 -> #DIV/0! | I56: =H56/G26 -> #DIV/0!
F57: 0-bedroom | J57: 0-bedroom
F58: 1-bedroom | J58: 1-bedroom
F59: 2-bedroom | J59: 2-bedroom
F60: 3-bedroom | J60: 3-bedroom
F61: 4-bedroom | J61: 4-bedroom
A62: site information
A63: Site Control and Environmental Information
B64: 1. | C64: Site control status | F64:  | S64: owned
D65: If other, please explain: | P65: Big Horn | S65: ground lease
P66: Blaine | S66: to be purchased
P67: Broadwater | S67: other
P68: Carbon
B69: 2. | C69: Are all utilities available and of the appropriate capacity ? | I69:  | P69: Carter
D70: If no, please explain: | P70: Cascade
P71: Choteau
P72: Custer
P73: Daniels
B74: 3. | C74: Does current zoning allow for the proposed use? | I74:  | P74: Dawson
D75: If no, please explain: | P75: Deer Lodge
P76: Fallon
P77: Fergus
P78: Flathead
B79: 4. | C79: Is the project located within the 100-year or 500-year floodplain? | J79:  | P79: Gallatin
D80: If yes, please describe the plan to address floodplain mitigation: | P80: Garfield
P81: Glacier
P82: Golden Valley
P83: Granite
B84: 5. | C84: Was the property built before 1978? | H84:  | P84: Hill
D85: If yes, has lead-based paint testing been completed? | J85:  | P85: Jefferson
D86: If tested, please describe the results and the plan to address LBP mitigation:
P90: Judith Basin
B91: 6. | C91: Has the property been tested for asbestos? | H91:  | P91: Lake
D92: If yes, please describe the results and the plan to mitigate asbestos exposure, if applicable:
P96: Lewis and Clark
B97: 7. | C97: If present, all federally funded proejcts are required to install radon mitigation systems. Plan for this in the project's budget. | P97: Liberty
D98: Has the property been tested for radon? | I98:  | P98: Lincoln
D99: If yes, please describe the results and the plan to mitigate radon exposure, if applicable: | P99: Madison
P100: McCone
P101: Meagher
P102: Mineral
P103: Missoula
P104: Musselshell
P105: Park
P106: Petroleum
P107: Phillips
P108: Pondera
P109: Powder River
P110: Powell
P111: Prairie
... P127: Yellowstone

Sheet Dev Team
A1: Applicant Information
A2: Enter information for all development partners involved in the project. If any section does not apply, leave it blank.
B6: 1. | C6: Enter information on the entity applying for HOME, HTF, or CDBG-Housing Funds
C7: Applicant/Entity Name
C8: Address
C9: City | H9: State | J9: Zip
C10: Contact Person
C11: Phone | D11: Please only enter numbers | H11: Email
B13: 2. | C13: Enter information on the entity that will own the property when construction is complete.
C14: Ownership Entity Name
C15: Address
C16: City | H16: State | J16: Zip
C17: Contact Person
C18: Phone | D18: Please only enter numbers | H18: Email
B20: 3. | C20: Legal Status of Owner
D21: General Partnership
D22: Limited Partnership
D23: Limited Liability Company
D24: Limited Liability Limited Partnership
D25: Non-Profit Corporation
D26: For-Profit Corporation
D27: Individual
D28: Other:
B30: 4. | C30: Status of Ownership Entity
D31: Currently exists
D32: To be formed, estimated date:
A34: Development Team Information
B36: 1. | C36: Project Sponsor Name
C37: Contact Person
C38: Phone
C39: Email
B41: 2. | C41: General Partner or Principal
C42: Contact Person
C43: Phone
C44: Email
B46: 3. | C46: Developer
C47: Contact Person
C48: Phone
C49: Email
B51: 4. | C51: Contractor (if applicable)
C52: Contact Person
C53: Phone
C54: Email
B56: 5. | C56: Attorney
C57: Contact Person
C58: Phone
C59: Email
B61: 6. | C61: Management Company
C62: Contact Person
C63: Phone
C64: Email
B66: 7. | C66: Architect
C67: Contact Person
C68: Phone
C69: Email
B71: 8. | C71: Other Development Team Members
C72: Contact Person
C73: Phone
C74: Email

Sheet Schedule
A1: Implementation Schedule
A2: Fill in the month and year of the applicable project milestones to establish the projects implementation schedule. If awarded, a copy of this will be included in the funding agreement.
H6: Anticipated
B7: Financing | H7: Completion
C8: Low Income Housing Tax Credits | H8: ( month / year )
D9: Application
D10: Award
C11: Grant Commitments (list grants separately)
C12: 1.
C13: 2.
C14: 3.
C15: Contract Execution for HOME/HTF/CDBG Funding
C16: Closing (bonds, lender, investor etc.)
C17: Other
C18: Other
B20: Project Start-up
C21: Site Acquisition
C22: Zoning
C23: Environmental Review
C24: Advertise for Architect / Engineer
C25: Design Completion
C26: Advertise for Construction Bids
C27: Construction Bid Award
C28: Other
C29: Other
B31: Project Activities
C32: Pre-Construction Conference
C33: Begin Temporary Relocation
C34: Begin Construction
C35: Complete Construction
C36: Final Inspection/Issue Certificate of Occupancy
C37: Audit
C38: Marketing
C39: Household Qualification
C40: Contract Closeout
C41: Grand Opening
C42: Other
C43: Other

Sheet Sources of Funds
A1: Sources of Funds
A2: Please list sources of permanent funding for the project. List the entity and program for each source.
A3: Do not include any construction loans.
A4: Indicate whether a source of funds is committed, requested and awaiting response, or proposed but not yet submitted. Any funding source listed as committed must have documentation of the award included in the application.
A8: LIST ALL SOURCES OF PROJECT FUNDING
A9: FUNDING ENTITY | C9: AMOUNT | D9: STATUS | E9: RATE % | F9: LOAN TERM (YEARS) | G9: AMORTIZATION PERIOD (YEARS) | H9: ANNUAL DEBT SERVICE | I9: DATE REQUESTED | J9: ACTUAL OR EXPECTED COMMITMENT DATE
H10: =IFERROR((PMT(E10/12,G10*12,-C10)*12),0) -> 0
H11: =IFERROR((PMT(E11/12,G11*12,-C11)*12),0) -> 0
H12: =IFERROR((PMT(E12/12,G12*12,-C12)*12),0) -> 0
H13: =IFERROR((PMT(E13/12,G13*12,-C13)*12),0) -> 0
H14: =IFERROR((PMT(E14/12,G14*12,-C14)*12),0) -> 0
H15: =IFERROR((PMT(E15/12,G15*12,-C15)*12),0) -> 0
H16: =IFERROR((PMT(E16/12,G16*12,-C16)*12),0) -> 0
H17: =IFERROR((PMT(E17/12,G17*12,-C17)*12),0) -> 0
A18: State HOME | H18: =IFERROR((PMT(E18/12,G18*12,-C18)*12),0) -> 0
A19: State HTF | H19: =IFERROR((PMT(E19/12,G19*12,-C19)*12),0) -> 0
A20: State CDBG | H20: =IFERROR((PMT(E20/12,G20*12,-C20)*12),0) -> 0
A21: Deferred Dev Fee | H21: =IFERROR((PMT(E21/12,G21*12,-C21)*12),0) -> 0
A22: 9% HC Equity Competitive
A23: 4% HC Equity Non-Competitive
B24: TOTAL SOURCES | C24: =SUM(C10:C23) -> 0 | H24: =SUM(H10:H23) -> 0
B25: TOTAL FROM USES TAB | C25: ='Uses of Funds'!C129 -> 0
B26: DIFFERENCE | C26: =C24-C25 -> 0 | D26: NOTE: Total sources of funds must equal total uses of funds
A28: LIST ALL DONATED, CONTRIBUTED AND MATCHING FUNDS
A29: SOURCE | B29: VALUE
A30: Seller Donation
B34: =SUM(B30:B33) -> 0
A36: ACQUISITION REHABILITATION ANALYSIS OF ASSETS BEING HELD WITH EXISTING OWNER
A37: SOURCE | B37: VALUE
A38: Reserves kept by existing owner
A39: Other cash out by existing owner
A40: Current Debt on Property
B43: =SUM(B38:B42) -> 0
D45: Committed
D46: Proposed
D47: Requested

Sheet Uses of Funds
A1: Estimated Development Costs and Uses of Funds
A2: Projects should aim to limit contractor overhead to 2%, contractor profit and general requirements to 6% respectively, and developer fees to 15% of eligible project costs. Projects should also plan on a minimum of 10% construction contingency. While these are not required, values entered that do not meet these standards will automatically be highlighted in red for further consideration.
C6: Total Residential Development Cost | D6: Residential Per Unit Cost | E6: Residential Per Square Foot Cost | F6: Use of CDBG-Housing Funds | G6: Use of HOME funds | H6: Use of HTF funds | I6: Use of LIHTC equity | J6: Use of loan funds | K6: Other | L6: Other
A7: Land and Buildings
B8: Land | M8: =IF(SUM(F8:L8)=C8,"","Column C should equal Columns F through L")
B9: Existing Structures | M9: =IF(SUM(F9:L9)=C9,"","Column C should equal Columns F through L")
B10: Demolition | M10: =IF(SUM(F10:L10)=C10,"","Column C should equal Columns F through L")
B11: Other (Specify) | M11: =IF(SUM(F11:L11)=C11,"","Column C should equal Columns F through L")
B12: Subtotal: | C12: =SUM(C8:C11) -> 0 | D12: =C12/'Project Info'!G26 -> #DIV/0! | E12: =C12/'Project Info'!G27 -> #DIV/0! | F12: =SUM(F8:F11) -> 0 | G12: =SUM(G8:G11) -> 0 | H12: =SUM(H8:H11) -> 0 | I12: =SUM(I8:I11) -> 0 | J12: =SUM(J8:J11) -> 0 | K12: =SUM(K8:K11) -> 0 | L12: =SUM(L8:L11) -> 0
A14: Site Work
B15: On Site Work | F15: 0 | M15: =IF(SUM(F15:L15)=C15,"","Column C should equal Columns F through L")
B16: Off Site Work | M16: =IF(SUM(F16:L16)=C16,"","Column C should equal Columns F through L")
B17: Other (Specify) | M17: =IF(SUM(F17:L17)=C17,"","Column C should equal Columns F through L")
B18: Subtotal: | C18: =SUM(C15:C17) -> 0 | D18: =C18/'Project Info'!G26 -> #DIV/0! | E18: =C18/'Project Info'!G27 -> #DIV/0! | F18: =SUM(F15:F17) -> 0 | G18: =SUM(G15:G17) -> 0 | H18: =SUM(H15:H17) -> 0 | I18: =SUM(I15:I17) -> 0 | J18: =SUM(J15:J17) -> 0 | K18: =SUM(K15:K17) -> 0 | L18: =SUM(L15:L17) -> 0
A20: Rehab and New Construction
B21: New Structures | M21: =IF(SUM(F21:L21)=C21,"","Column C should equal Columns F through L")
B22: Rehabilitation | M22: =IF(SUM(F22:L22)=C22,"","Column C should equal Columns F through L")
B23: Accessory Structures | M23: =IF(SUM(F23:L23)=C23,"","Column C should equal Columns F through L")
B24: Green Systems (Solar, Geothermal, Other, etc.) | M24: =IF(SUM(F24:L24)=C24,"","Column C should equal Columns F through L")
B25: General Requirements | M25: =IF(SUM(F25:L25)=C25,"","Column C should equal Columns F through L")
B26: Contractor Overhead | M26: =IF(SUM(F26:L26)=C26,"","Column C should equal Columns F through L")
B27: Contractor Profit | M27: =IF(SUM(F27:L27)=C27,"","Column C should equal Columns F through L")
B28: Contractor Construction Contingency | M28: =IF(SUM(F28:L28)=C28,"","Column C should equal Columns F through L")
B29: Owner Hard Cost Contingency | M29: =IF(SUM(F29:L29)=C29,"","Column C should equal Columns F through L")
B30: Furniture, Fixtures, & Equipment | M30: =IF(SUM(F30:L30)=C30,"","Column C should equal Columns F through L")
B31: Building Permits | M31: =IF(SUM(F31:L31)=C31,"","Column C should equal Columns F through L")
B32: Other (Specify) | M32: =IF(SUM(F32:L32)=C32,"","Column C should equal Columns F through L")
... B34: Other (Specify) | M34: =IF(SUM(F34:L34)=C34,"","Column C should equal Columns F through L")
B35: Subtotal: | C35: =SUM(C21:C34) -> 0 | D35: =C35/'Project Info'!G26 -> #DIV/0! | E35: =C35/'Project Info'!G27 -> #DIV/0! | F35: =SUM(F21:F34) -> 0 | G35: =SUM(G21:G34) -> 0 | H35: =SUM(H21:H34) -> 0 | I35: =SUM(I21:I34) -> 0 | J35: =SUM(J21:J34) -> 0 | K35: =SUM(K21:K34) -> 0 | L35: =SUM(L21:L34) -> 0
A37: Professional Fees
B38: Architect, Design | M38: =IF(SUM(F38:L38)=C38,"","Column C should equal Columns F through L")
B39: Construction Management/Admin | M39: =IF(SUM(F39:L39)=C39,"","Column C should equal Columns F through L")
B40: Landscape Design | M40: =IF(SUM(F40:L40)=C40,"","Column C should equal Columns F through L")
B41: Structural Engineering | M41: =IF(SUM(F41:L41)=C41,"","Column C should equal Columns F through L")
B42: Civil Engineering | M42: =IF(SUM(F42:L42)=C42,"","Column C should equal Columns F through L")
B43: Other Engineering | M43: =IF(SUM(F43:L43)=C43,"","Column C should equal Columns F through L")
B44: Surveyor | M44: =IF(SUM(F44:L44)=C44,"","Column C should equal Columns F through L")
B45: Attorney, Real Estate | M45: =IF(SUM(F45:L45)=C45,"","Column C should equal Columns F through L")
B46: Project Management | M46: =IF(SUM(F46:L46)=C46,"","Column C should equal Columns F through L")
B47: Environmental/Geotech Testing | M47: =IF(SUM(F47:L47)=C47,"","Column C should equal Columns F through L")
B48: Other (Specify) | M48: =IF(SUM(F48:L48)=C48,"","Column C should equal Columns F through L")
B49: Other (Specify) | M49: =IF(SUM(F49:L49)=C49,"","Column C should equal Columns F through L")
B50: Other (Specify) | M50: =IF(SUM(F50:L50)=C50,"","Column C should equal Columns F through L")
B51: Subtotal: | C51: =SUM(C38:C50) -> 0 | D51: =C51/'Project Info'!G26 -> #DIV/0! | E51: =C51/'Project Info'!G27 -> #DIV/0! | F51: =SUM(F38:F50) -> 0 | G51: =SUM(G38:G50) -> 0 | H51: =SUM(H38:H50) -> 0 | I51: =SUM(I38:I50) -> 0 | J51: =SUM(J38:J50) -> 0 | K51: =SUM(K38:K50) -> 0 | L51: =SUM(L38:L50) -> 0
A53: Construction Interim Costs
B54: Hazard & Liability Insurance | M54: =IF(SUM(F54:L54)=C54,"","Column C should equal Columns F through L")
B55: Builder's Risk Insurance | M55: =IF(SUM(F55:L55)=C55,"","Column C should equal Columns F through L")
B56: Perform. & Pymt Bonds | M56: =IF(SUM(F56:L56)=C56,"","Column C should equal Columns F through L")
B57: Construction Interest | M57: =IF(SUM(F57:L57)=C57,"","Column C should equal Columns F through L")
B58: Constr. Loan Origination Fees | M58: =IF(SUM(F58:L58)=C58,"","Column C should equal Columns F through L")
B59: Tap Fees | M59: =IF(SUM(F59:L59)=C59,"","Column C should equal Columns F through L")
B60: Impact fees | M60: =IF(SUM(F60:L60)=C60,"","Column C should equal Columns F through L")
B61: Materials Testing | M61: =IF(SUM(F61:L61)=C61,"","Column C should equal Columns F through L")
B62: Power and Telecom Provider fees | M62: =IF(SUM(F62:L62)=C62,"","Column C should equal Columns F through L")
B63: Inspection Fees | M63: =IF(SUM(F63:L63)=C63,"","Column C should equal Columns F through L")
B64: Title & Recording | M64: =IF(SUM(F64:L64)=C64,"","Column C should equal Columns F through L")
B65: Legal Fees | M65: =IF(SUM(F65:L65)=C65,"","Column C should equal Columns F through L")
... B69: Other (Specify) | M69: =IF(SUM(F69:L69)=C69,"","Column C should equal Columns F through L")
B70: Subtotal: | C70: =SUM(C54:C69) -> 0 | D70: =C70/'Project Info'!G26 -> #DIV/0! | E70: =C70/'Project Info'!G27 -> #DIV/0! | F70: =SUM(F54:F69) -> 0 | G70: =SUM(G54:G69) -> 0 | H70: =SUM(H54:H69) -> 0 | I70: =SUM(I54:I69) -> 0 | J70: =SUM(J54:J69) -> 0 | K70: =SUM(K54:K69) -> 0 | L70: =SUM(L54:L69) -> 0
A72: Permanent Financing
B73: Perm Loan Origination Fee | M73: =IF(SUM(F73:L73)=C73,"","Column C should equal Columns F through L")
B74: Credit Enhancement | M74: =IF(SUM(F74:L74)=C74,"","Column C should equal Columns F through L")
B75: Title & Recording | M75: =IF(SUM(F75:L75)=C75,"","Column C should equal Columns F through L")
B76: Legal Fees | M76: =IF(SUM(F76:L76)=C76,"","Column C should equal Columns F through L")
B77: Prepaid MIP | M77: =IF(SUM(F77:L77)=C77,"","Column C should equal Columns F through L")
B78: Conversion Fee | M78: =IF(SUM(F78:L78)=C78,"","Column C should equal Columns F through L")
B79: Inspection Fees | M79: =IF(SUM(F79:L79)=C79,"","Column C should equal Columns F through L")
B80: Other (Specify) | M80: =IF(SUM(F80:L80)=C80,"","Column C should equal Columns F through L")
B81: Other (Specify) | M81: =IF(SUM(F81:L81)=C81,"","Column C should equal Columns F through L")
B82: Other (Specify) | M82: =IF(SUM(F82:L82)=C82,"","Column C should equal Columns F through L")
B83: Subtotal: | C83: =SUM(C73:C82) -> 0 | D83: =C83/'Project Info'!G26 -> #DIV/0! | E83: =C83/'Project Info'!G27 -> #DIV/0! | F83: =SUM(F73:F82) -> 0 | G83: =SUM(G73:G82) -> 0 | H83: =SUM(H73:H82) -> 0 | I83: =SUM(I73:I82) -> 0 | J83: =SUM(J73:J82) -> 0 | K83: =SUM(K73:K82) -> 0 | L83: =SUM(L73:L82) -> 0
A85: Soft Costs
B86: Marketing/Leasing Costs | M86: =IF(SUM(F86:L86)=C86,"","Column C should equal Columns F through L")
B87: Cost Estimating/Capital Needs Assessment | M87: =IF(SUM(F87:L87)=C87,"","Column C should equal Columns F through L")
B88: Appraisal | M88: =IF(SUM(F88:L88)=C88,"","Column C should equal Columns F through L")
B89: Market Study | M89: =IF(SUM(F89:L89)=C89,"","Column C should equal Columns F through L")
B90: Environmental Study (Phase 1, Phase 2, Lead, Asbestos, etc.) | M90: =IF(SUM(F90:L90)=C90,"","Column C should equal Columns F through L")
B91: Tax Credit Fees | M91: =IF(SUM(F91:L91)=C91,"","Column C should equal Columns F through L")
B92: Compliance Fees | M92: =IF(SUM(F92:L92)=C92,"","Column C should equal Columns F through L")
B93: Cost Certification | M93: =IF(SUM(F93:L93)=C93,"","Column C should equal Columns F through L")
B94: Green Certification Fees (LEED Certification, etc.) | M94: =IF(SUM(F94:L94)=C94,"","Column C should equal Columns F through L")
B95: Relocation - Temporary | M95: =IF(SUM(F95:L95)=C95,"","Column C should equal Columns F through L")
B96: Relocation - Permanent | M96: =IF(SUM(F96:L96)=C96,"","Column C should equal Columns F through L")
B97: Soft Cost Contingency | M97: =IF(SUM(F97:L97)=C97,"","Column C should equal Columns F through L")
... B100: Other (Specify) | M100: =IF(SUM(F100:L100)=C100,"","Column C should equal Columns F through L")
B101: Subtotal: | C101: =SUM(C86:C100) -> 0 | D101: =C101/'Project Info'!G26 -> #DIV/0! | E101: =C101/'Project Info'!G27 -> #DIV/0! | F101: =SUM(F86:F100) -> 0 | G101: =SUM(G86:G100) -> 0 | H101: =SUM(H86:H100) -> 0 | I101: =SUM(I86:I100) -> 0 | J101: =SUM(J86:J100) -> 0 | K101: =SUM(K86:K100) -> 0 | L101: =SUM(L86:L100) -> 0
A103: Syndication Costs
B104: Organization Costs | M104: =IF(SUM(F104:L104)=C104,"","Column C should equal Columns F through L")
B105: Tax Opinion | M105: =IF(SUM(F105:L105)=C105,"","Column C should equal Columns F through L")
B106: Syndication Legal Fees | M106: =IF(SUM(F106:L106)=C106,"","Column C should equal Columns F through L")
B107: Other (Specify) | M107: =IF(SUM(F107:L107)=C107,"","Column C should equal Columns F through L")
B108: Other (Specify) | M108: =IF(SUM(F108:L108)=C108,"","Column C should equal Columns F through L")
B109: Other (Specify) | M109: =IF(SUM(F109:L109)=C109,"","Column C should equal Columns F through L")
B110: Subtotal: | C110: =SUM(C104:C109) -> 0 | D110: =C110/'Project Info'!G26 -> #DIV/0! | E110: =C110/'Project Info'!G27 -> #DIV/0! | H110: =SUM(H104:H109) -> 0 | I110: =SUM(I104:I109) -> 0 | J110: =SUM(J104:J109) -> 0 | K110: =SUM(K104:K109) -> 0 | L110: =SUM(L104:L109) -> 0
A112: Developer Fees
B113: Developer Fee | M113: =IF(SUM(F113:L113)=C113,"","Column C should equal Columns F through L")
B114: Developer Overhead | M114: =IF(SUM(F114:L114)=C114,"","Column C should equal Columns F through L")
B115: Third Party Development Management/Owner's Rep | M115: =IF(SUM(F115:L115)=C115,"","Column C should equal Columns F through L")
B116: Financial/Tax Credit Consultant, Application Preparation, etc. | M116: =IF(SUM(F116:L116)=C116,"","Column C should equal Columns F through L")
B117: Other (Specify) | M117: =IF(SUM(F117:L117)=C117,"","Column C should equal Columns F through L")
...

Sheet Utilities and OpEx
A1: Utility Allowances and Operating Expenses
A2: Enter all applicable utilities and operating expenses. These should be based, as much as possible, on actual costs for similar projects in comparable locations.
A5: UTILITY ALLOWANCES
D6: List the allowance for a utility the tenant will pay for the size of units in the project
B7: Gas or Electric | C7: Owner or Tenant Paid | D7: 0-bedroom | E7: 1-bedroom | F7: 2-bedroom | G7: 3-bedroom | H7: 4-bedroom | I7: __-bedroom
A8: Heating
A9: Air Conditioning
A10: Cooking
A11: Other Electricity
A12: Hot Water
A13: Water
A14: Sewer
A15: Trash
A16: Other
A17: Totals | D17: =SUM(D8:D16) -> 0 | E17: =SUM(E8:E16) -> 0 | F17: =SUM(F8:F16) -> 0 | G17: =SUM(G8:G16) -> 0 | H17: =SUM(H8:H16) -> 0 | I17: =SUM(I8:I16) -> 0
A19: Source of Utility Allowance
A21: Effective date
A23: Energy Savings Design
A26: ANNUAL OPERATING EXPENSES
A27: Administrative: | E27: Maintenance:
A28: Management Fee | F28: Salary / Repairs
A29: Percentage to Annual Income | C29: =IFERROR(C28/Rents!H42,0) -> 0 | F29: Supplies
B30: Advertisement | F30: Snow Removal
A31: Legal/Partnership
A32: Accounting/Audit
B33: Office Expenses
E35: Total Maintenance | G35: =SUM(G28:G34) -> 0
B36: Total Administrative | C36: =SUM(C28,C30:C35) -> 0
A38: Operating: | E38: Taxes:
A39: Lighting & Misc Power | E39: Real Estate Taxes
B40: Water/Sewer
B41: Gas | F41: Exempt?
B42: Trash Removal | F42: Total Taxes | G42: =SUM(G39:G40) -> 0
A43: Payroll/Payroll Taxes
B44: Insurance
E45: Total Operating Expenses | G45: =C36+C47+G35+G42 -> 0
E46: Annual Replacement Reserves
B47: Total Operating | C47: =SUM(C39:C46) -> 0 | E47: GRAND TOTAL EXPENSES | G47: =G45+G46 -> 0
B49: Projected Annual Percentage Increase in Operating Expenses:
B50: Projected Annual Percentage Increase in Replacement Reserves:
B51: Projected Replacement Reserve per Unit ($350 minimum): | F51: =IFERROR(G46/'Project Info'!G26,0) -> 0
B52: Projected Annual Operating per Unit ($3,000 to $6,000): | F52: =IFERROR(G45/'Project Info'!G26,0) -> 0

Sheet Rents
A1: Rents
A2: A default vacany rate of 7% and annual income escalator of 2% are standard for rental projects applying for HOME, HTF, or CDBG-Housing funds. Other vacancy rates and escalators will be considered on a project-by-project basis.
E5: $
A6: Number of Bedrooms | B6: Number of Units | C6: Unit Restriction | D6: AMI Restriction | E6: Gross or Contract Rent | F6: Utility Allowance | G6: Tenant Paid or Contract Rent | H6: Total Monthly Rent | I6: Average Sq. Ft. Per Unit
G7: (e - f) | H7: (b * g)
G8: =E8-F8 -> 0 | H8: =B8*G8 -> 0
G9: =E9-F9 -> 0 | H9: =B9*G9 -> 0
G10: =E10-F10 -> 0 | H10: =B10*G10 -> 0
G11: =E11-F11 -> 0 | H11: =B11*G11 -> 0
G12: =E12-F12 -> 0 | H12: =B12*G12 -> 0
G13: =E13-F13 -> 0 | H13: =B13*G13 -> 0
G14: =E14-F14 -> 0 | H14: =B14*G14 -> 0
G15: =E15-F15 -> 0 | H15: =B15*G15 -> 0
G16: =E16-F16 -> 0 | H16: =B16*G16 -> 0
G17: =E17-F17 -> 0 | H17: =B17*G17 -> 0
G18: =E18-F18 -> 0 | H18: =B18*G18 -> 0
G19: =E19-F19 -> 0 | H19: =B19*G19 -> 0
... G28: =E28-F28 -> 0 | H28: =B28*G28 -> 0
A29: Other (Specify) | G29: =E29-F29 -> 0 | H29: =B29*G29 -> 0
A30: Other (Specify) | G30: =E30-F30 -> 0 | H30: =B30*G30 -> 0
A31: Other (Specify) | G31: =E31-F31 -> 0 | H31: =B31*G31 -> 0
A32: Other (Specify) | G32: =E32-F32 -> 0 | H32: =B32*G32 -> 0
A33: Total # units | B33: =SUM(B8:B32) -> 0
E35: Subtotal - Gross Monthly Income | H35: =+SUM(H8:H32) -> 0
E36: Vacancy Percentage
E37: less Vacancy Factor | H37: =-H35*G36 -> 0
E38: Other Monthly Income | F38: Explain:
E39: Other Monthly Income | F39: Explain:
E40: Other Monthly Income | F40: Explain:
E41: Total Forecasted Monthly Income | H41: =+SUM(H35:H40) -> 0
E42: Total Forecasted Annual Income | H42: =H41*12 -> 0
E43: Projected Annual Percentage Increase in Income:
A48: 0-bedroom | C48: HTF | D48: 0.2
A49: 1-bedroom | C49: High HOME | D49: 0.3
A50: 2-bedroom | C50: Low HOME | D50: 30% - HTF
A51: 3-bedroom | C51: LIHTC | D51: 0.4
A52: 4-bedroom | C52: None | D52: 0.5
D53: 50% - Low HOME
D54: 0.6
D55: 0.7
D56: 0.8
D57: 80% - High HOME
D58: Market

Sheet Pro Forma
A1: Pro Forma and Projected Cashflow
A2: Projects requesting HOME, HTF, or CDBG-Housing funds must have a Debt Coverage Ratio or “DCR” should be between 1.15 and 1.30 during the first year of normal operations if projected to trend upward. If a project is projected to trend downward, the DCR should be between 1.10 and 1.50 during the entire first 15 years of normal operations.
A6: Year | B6: Rent (Income) | C6: Projected Rent Increase | D6: Operating Expenses | E6: Projected Op Ex Increase | F6: Replacement Reserve | G6: Projected RR Increase | H6: Net Income Available for Debt Service | I6: Debt Service | J6: Net Cash Flow | K6: Debt Coverage Ratio
A8: 1 | B8: =Rents!H42 -> 0 | C8: =Rents!H43 -> 0 | D8: ='Utilities and OpEx'!G45 -> 0 | E8: ='Utilities and OpEx'!F49 -> 0 | F8: ='Utilities and OpEx'!G46 -> 0 | G8: ='Utilities and OpEx'!F50 -> 0 | H8: =B8-D8-F8 -> 0 | I8: ='Sources of Funds'!H24 -> 0 | J8: =H8-I8 -> 0 | K8: =IFERROR(H8/I8,0) -> 0
A9: 2 | B9: =(B8+(C8*B8)) -> 0 | C9: =Rents!H43 -> 0 | D9: =(D8+(E8*D8)) -> 0 | E9: ='Utilities and OpEx'!F49 -> 0 | F9: =(F8+(G8*F8)) -> 0 | G9: ='Utilities and OpEx'!F50 -> 0 | H9: =B9-D9-F9 -> 0 | I9: ='Sources of Funds'!H24 -> 0 | J9: =H9-I9 -> 0 | K9: =IFERROR(H9/I9,0) -> 0
A10: 3 | B10: =(B9+(C9*B9)) -> 0 | C10: =Rents!H43 -> 0 | D10: =(D9+(E9*D9)) -> 0 | E10: ='Utilities and OpEx'!F49 -> 0 | F10: =(F9+(G9*F9)) -> 0 | G10: ='Utilities and OpEx'!F50 -> 0 | H10: =B10-D10-F10 -> 0 | I10: ='Sources of Funds'!H24 -> 0 | J10: =H10-I10 -> 0 | K10: =IFERROR(H10/I10,0) -> 0
A11: 4 | B11: =(B10+(C10*B10)) -> 0 | C11: =Rents!H43 -> 0 | D11: =(D10+(E10*D10)) -> 0 | E11: ='Utilities and OpEx'!F49 -> 0 | F11: =(F10+(G10*F10)) -> 0 | G11: ='Utilities and OpEx'!F50 -> 0 | H11: =B11-D11-F11 -> 0 | I11: ='Sources of Funds'!H24 -> 0 | J11: =H11-I11 -> 0 | K11: =IFERROR(H11/I11,0) -> 0
A12: 5 | B12: =(B11+(C11*B11)) -> 0 | C12: =Rents!H43 -> 0 | D12: =(D11+(E11*D11)) -> 0 | E12: ='Utilities and OpEx'!F49 -> 0 | F12: =(F11+(G11*F11)) -> 0 | G12: ='Utilities and OpEx'!F50 -> 0 | H12: =B12-D12-F12 -> 0 | I12: ='Sources of Funds'!H24 -> 0 | J12: =H12-I12 -> 0 | K12: =IFERROR(H12/I12,0) -> 0
A13: 6 | B13: =(B12+(C12*B12)) -> 0 | C13: =Rents!H43 -> 0 | D13: =(D12+(E12*D12)) -> 0 | E13: ='Utilities and OpEx'!F49 -> 0 | F13: =(F12+(G12*F12)) -> 0 | G13: ='Utilities and OpEx'!F50 -> 0 | H13: =B13-D13-F13 -> 0 | I13: ='Sources of Funds'!H24 -> 0 | J13: =H13-I13 -> 0 | K13: =IFERROR(H13/I13,0) -> 0
A14: 7 | B14: =(B13+(C13*B13)) -> 0 | C14: =Rents!H43 -> 0 | D14: =(D13+(E13*D13)) -> 0 | E14: ='Utilities and OpEx'!F49 -> 0 | F14: =(F13+(G13*F13)) -> 0 | G14: ='Utilities and OpEx'!F50 -> 0 | H14: =B14-D14-F14 -> 0 | I14: ='Sources of Funds'!H24 -> 0 | J14: =H14-I14 -> 0 | K14: =IFERROR(H14/I14,0) -> 0
A15: 8 | B15: =(B14+(C14*B14)) -> 0 | C15: =Rents!H43 -> 0 | D15: =(D14+(E14*D14)) -> 0 | E15: ='Utilities and OpEx'!F49 -> 0 | F15: =(F14+(G14*F14)) -> 0 | G15: ='Utilities and OpEx'!F50 -> 0 | H15: =B15-D15-F15 -> 0 | I15: ='Sources of Funds'!H24 -> 0 | J15: =H15-I15 -> 0 | K15: =IFERROR(H15/I15,0) -> 0
A16: 9 | B16: =(B15+(C15*B15)) -> 0 | C16: =Rents!H43 -> 0 | D16: =(D15+(E15*D15)) -> 0 | E16: ='Utilities and OpEx'!F49 -> 0 | F16: =(F15+(G15*F15)) -> 0 | G16: ='Utilities and OpEx'!F50 -> 0 | H16: =B16-D16-F16 -> 0 | I16: ='Sources of Funds'!H24 -> 0 | J16: =H16-I16 -> 0 | K16: =IFERROR(H16/I16,0) -> 0
A17: 10 | B17: =(B16+(C16*B16)) -> 0 | C17: =Rents!H43 -> 0 | D17: =(D16+(E16*D16)) -> 0 | E17: ='Utilities and OpEx'!F49 -> 0 | F17: =(F16+(G16*F16)) -> 0 | G17: ='Utilities and OpEx'!F50 -> 0 | H17: =B17-D17-F17 -> 0 | I17: ='Sources of Funds'!H24 -> 0 | J17: =H17-I17 -> 0 | K17: =IFERROR(H17/I17,0) -> 0
A18: 11 | B18: =(B17+(C17*B17)) -> 0 | C18: =Rents!H43 -> 0 | D18: =(D17+(E17*D17)) -> 0 | E18: ='Utilities and OpEx'!F49 -> 0 | F18: =(F17+(G17*F17)) -> 0 | G18: ='Utilities and OpEx'!F50 -> 0 | H18: =B18-D18-F18 -> 0 | I18: ='Sources of Funds'!H24 -> 0 | J18: =H18-I18 -> 0 | K18: =IFERROR(H18/I18,0) -> 0
A19: 12 | B19: =(B18+(C18*B18)) -> 0 | C19: =Rents!H43 -> 0 | D19: =(D18+(E18*D18)) -> 0 | E19: ='Utilities and OpEx'!F49 -> 0 | F19: =(F18+(G18*F18)) -> 0 | G19: ='Utilities and OpEx'!F50 -> 0 | H19: =B19-D19-F19 -> 0 | I19: ='Sources of Funds'!H24 -> 0 | J19: =H19-I19 -> 0 | K19: =IFERROR(H19/I19,0) -> 0
A20: 13 | B20: =(B19+(C19*B19)) -> 0 | C20: =Rents!H43 -> 0 | D20: =(D19+(E19*D19)) -> 0 | E20: ='Utilities and OpEx'!F49 -> 0 | F20: =(F19+(G19*F19)) -> 0 | G20: ='Utilities and OpEx'!F50 -> 0 | H20: =B20-D20-F20 -> 0 | I20: ='Sources of Funds'!H24 -> 0 | J20: =H20-I20 -> 0 | K20: =IFERROR(H20/I20,0) -> 0
A21: 14 | B21: =(B20+(C20*B20)) -> 0 | C21: =Rents!H43 -> 0 | D21: =(D20+(E20*D20)) -> 0 | E21: ='Utilities and OpEx'!F49 -> 0 | F21: =(F20+(G20*F20)) -> 0 | G21: ='Utilities and OpEx'!F50 -> 0 | H21: =B21-D21-F21 -> 0 | I21: ='Sources of Funds'!H24 -> 0 | J21: =H21-I21 -> 0 | K21: =IFERROR(H21/I21,0) -> 0
A22: 15 | B22: =(B21+(C21*B21)) -> 0 | C22: =Rents!H43 -> 0 | D22: =(D21+(E21*D21)) -> 0 | E22: ='Utilities and OpEx'!F49 -> 0 | F22: =(F21+(G21*F21)) -> 0 | G22: ='Utilities and OpEx'!F50 -> 0 | H22: =B22-D22-F22 -> 0 | I22: ='Sources of Funds'!H24 -> 0 | J22: =H22-I22 -> 0 | K22: =IFERROR(H22/I22,0) -> 0
A23: 16 | B23: =(B22+(C22*B22)) -> 0 | C23: =Rents!H43 -> 0 | D23: =(D22+(E22*D22)) -> 0 | E23: ='Utilities and OpEx'!F49 -> 0 | F23: =(F22+(G22*F22)) -> 0 | G23: ='Utilities and OpEx'!F50 -> 0 | H23: =B23-D23-F23 -> 0 | J23: =H23-I23 -> 0 | K23: =IFERROR(H23/I23,0) -> 0
A24: 17 | B24: =(B23+(C23*B23)) -> 0 | C24: =Rents!H43 -> 0 | D24: =(D23+(E23*D23)) -> 0 | E24: ='Utilities and OpEx'!F49 -> 0 | F24: =(F23+(G23*F23)) -> 0 | G24: ='Utilities and OpEx'!F50 -> 0 | H24: =B24-D24-F24 -> 0 | J24: =H24-I24 -> 0 | K24: =IFERROR(H24/I24,0) -> 0
A25: 18 | B25: =(B24+(C24*B24)) -> 0 | C25: =Rents!H43 -> 0 | D25: =(D24+(E24*D24)) -> 0 | E25: ='Utilities and OpEx'!F49 -> 0 | F25: =(F24+(G24*F24)) -> 0 | G25: ='Utilities and OpEx'!F50 -> 0 | H25: =B25-D25-F25 -> 0 | J25: =H25-I25 -> 0 | K25: =IFERROR(H25/I25,0) -> 0
A26: 19 | B26: =(B25+(C25*B25)) -> 0 | C26: =Rents!H43 -> 0 | D26: =(D25+(E25*D25)) -> 0 | E26: ='Utilities and OpEx'!F49 -> 0 | F26: =(F25+(G25*F25)) -> 0 | G26: ='Utilities and OpEx'!F50 -> 0 | H26: =B26-D26-F26 -> 0 | J26: =H26-I26 -> 0 | K26: =IFERROR(H26/I26,0) -> 0
A27: 20 | B27: =(B26+(C26*B26)) -> 0 | C27: =Rents!H43 -> 0 | D27: =(D26+(E26*D26)) -> 0 | E27: ='Utilities and OpEx'!F49 -> 0 | F27: =(F26+(G26*F26)) -> 0 | G27: ='Utilities and OpEx'!F50 -> 0 | H27: =B27-D27-F27 -> 0 | J27: =H27-I27 -> 0 | K27: =IFERROR(H27/I27,0) -> 0
A28: 21 | B28: =(B27+(C27*B27)) -> 0 | C28: =Rents!H43 -> 0 | D28: =(D27+(E27*D27)) -> 0 | E28: ='Utilities and OpEx'!F49 -> 0 | F28: =(F27+(G27*F27)) -> 0 | G28: ='Utilities and OpEx'!F50 -> 0 | H28: =B28-D28-F28 -> 0 | J28: =H28-I28 -> 0 | K28: =IFERROR(H28/I28,0) -> 0
A29: 22 | B29: =(B28+(C28*B28)) -> 0 | C29: =Rents!H43 -> 0 | D29: =(D28+(E28*D28)) -> 0 | E29: ='Utilities and OpEx'!F49 -> 0 | F29: =(F28+(G28*F28)) -> 0 | G29: ='Utilities and OpEx'!F50 -> 0 | H29: =B29-D29-F29 -> 0 | J29: =H29-I29 -> 0 | K29: =IFERROR(H29/I29,0) -> 0
A30: 23 | B30: =(B29+(C29*B29)) -> 0 | C30: =Rents!H43 -> 0 | D30: =(D29+(E29*D29)) -> 0 | E30: ='Utilities and OpEx'!F49 -> 0 | F30: =(F29+(G29*F29)) -> 0 | G30: ='Utilities and OpEx'!F50 -> 0 | H30: =B30-D30-F30 -> 0 | J30: =H30-I30 -> 0 | K30: =IFERROR(H30/I30,0) -> 0
A31: 24 | B31: =(B30+(C30*B30)) -> 0 | C31: =Rents!H43 -> 0 | D31: =(D30+(E30*D30)) -> 0 | E31: ='Utilities and OpEx'!F49 -> 0 | F31: =(F30+(G30*F30)) -> 0 | G31: ='Utilities and OpEx'!F50 -> 0 | H31: =B31-D31-F31 -> 0 | J31: =H31-I31 -> 0 | K31: =IFERROR(H31/I31,0) -> 0
A32: 25 | B32: =(B31+(C31*B31)) -> 0 | C32: =Rents!H43 -> 0 | D32: =(D31+(E31*D31)) -> 0 | E32: ='Utilities and OpEx'!F49 -> 0 | F32: =(F31+(G31*F31)) -> 0 | G32: ='Utilities and OpEx'!F50 -> 0 | H32: =B32-D32-F32 -> 0 | J32: =H32-I32 -> 0 | K32: =IFERROR(H32/I32,0) -> 0
A33: 26 | B33: =(B32+(C32*B32)) -> 0 | C33: =Rents!H43 -> 0 | D33: =(D32+(E32*D32)) -> 0 | E33: ='Utilities and OpEx'!F49 -> 0 | F33: =(F32+(G32*F32)) -> 0 | G33: ='Utilities and OpEx'!F50 -> 0 | H33: =B33-D33-F33 -> 0 | J33: =H33-I33 -> 0 | K33: =IFERROR(H33/I33,0) -> 0
A34: 27 | B34: =(B33+(C33*B33)) -> 0 | C34: =Rents!H43 -> 0 | D34: =(D33+(E33*D33)) -> 0 | E34: ='Utilities and OpEx'!F49 -> 0 | F34: =(F33+(G33*F33)) -> 0 | G34: ='Utilities and OpEx'!F50 -> 0 | H34: =B34-D34-F34 -> 0 | J34: =H34-I34 -> 0 | K34: =IFERROR(H34/I34,0) -> 0
A35: 28 | B35: =(B34+(C34*B34)) -> 0 | C35: =Rents!H43 -> 0 | D35: =(D34+(E34*D34)) -> 0 | E35: ='Utilities and OpEx'!F49 -> 0 | F35: =(F34+(G34*F34)) -> 0 | G35: ='Utilities and OpEx'!F50 -> 0 | H35: =B35-D35-F35 -> 0 | J35: =H35-I35 -> 0 | K35: =IFERROR(H35/I35,0) -> 0
A36: 29 | B36: =(B35+(C35*B35)) -> 0 | C36: =Rents!H43 -> 0 | D36: =(D35+(E35*D35)) -> 0 | E36: ='Utilities and OpEx'!F49 -> 0 | F36: =(F35+(G35*F35)) -> 0 | G36: ='Utilities and OpEx'!F50 -> 0 | H36: =B36-D36-F36 -> 0 | J36: =H36-I36 -> 0 | K36: =IFERROR(H36/I36,0) -> 0
A37: 30 | B37: =(B36+(C36*B36)) -> 0 | C37: =Rents!H43 -> 0 | D37: =(D36+(E36*D36)) -> 0 | E37: ='Utilities and OpEx'!F49 -> 0 | F37: =(F36+(G36*F36)) -> 0 | G37: ='Utilities and OpEx'!F50 -> 0 | H37: =B37-D37-F37 -> 0 | J37: =H37-I37 -> 0 | K37: =IFERROR(H37/I37,0) -> 0

Sheet Max Subsidy
A1: HOME/HTF Maximum Subsidy
A3: HOME Assisted Units | E3: HTF Assisted Units | I3: CDBG Assisted Units
A4: HOME Funds Requested | C4: ='Sources of Funds'!C18 -> 0 | E4: HTF Funds Requested | G4: ='Sources of Funds'!C19 -> 0 | I4: CDBG Funds Requested | K4: ='Sources of Funds'!C20 -> 0
A5: HOME Eligible Costs | C5: ='Uses of Funds'!C129-'Uses of Funds'!C110-'Uses of Funds'!C128 -> 0 | E5: HTF Eligible Costs | G5: ='Uses of Funds'!C129-'Uses of Funds'!C110-'Uses of Funds'!C128 -> 0 | I5: # units in Project | K5: =Rents!$B$33 -> 0
A6: = % HOME funds | C6: =IFERROR(C4/C5,0) -> 0 | E6: = % HTF funds | G6: =IFERROR(G4/G5,0) -> 0 | I6: = # CDBG units | K6: =K5*0.51 -> 0
A7: # units in Project | C7: =Rents!B33 -> 0 | E7: # units in Project | G7: =Rents!$B$33 -> 0 | I7: (rounded up to): | K7: =ROUNDUP(K6,0) -> 0
A8: =# HOME units | C8: =C7*C6 -> 0 | E8: = # HTF units | G8: =G7*G6 -> 0
A9: (rounded up to): | C9: =ROUNDUP(C8,0) -> 0 | E9: (rounded up to): | G9: =ROUNDUP(G8,0) -> 0 | I9: Minimum Number of CDBG units required | K9: =K7 -> 0
A12: Distribution of units by size | D12: Determine Number of HOME Units | F12: Maximum per unit subsidy effective: | I12: When less than 51 percent of the units in a structure will be occupied by LMI households, CDBG assistance may be provided in the following limited circumstances: (A) The assistance is for an eligible activity to reduce the development cost of the new construction of a multifamily, non-elderly rental housing project; (B) Not less than 20 percent of the units will be occupied by low and moderate income households at affordable rents; and (C) The proportion of the total cost of developing the project to be borne by CDBG funds is no greater than the proportion of units in the project that will be occupied by low and moderate income households. For this scenario, use the below calculation for the minimum number of CDBG units.
F13: 46153
A14: Unit Size | B14: Enter # of units by size | C14: % of Project | D14: Minimum # of HOME units | E14: Enter number of HOME units | F14: Maximum per unit subsidy | G14: Maximum subsidy given the number of HOME units
A17: 0BR | C17: =IFERROR(B17/$B$22,0) -> 0 | D17: =ROUNDUP((C17*$C$9),0) -> 0 | F17: 187658 | G17: =F17*E17 -> 0
A18: 1BR | C18: =IFERROR(B18/$B$22,0) -> 0 | D18: =ROUNDUP((C18*$C$9),0) -> 0 | F18: 215121 | G18: =F18*E18 -> 0
A19: 2BR | C19: =IFERROR(B19/$B$22,0) -> 0 | D19: =ROUNDUP((C19*$C$9),0) -> 0 | F19: 261595 | G19: =F19*E19 -> 0
A20: 3BR | C20: =IFERROR(B20/$B$22,0) -> 0 | D20: =ROUNDUP((C20*$C$9),0) -> 0 | F20: 338419 | G20: =F20*E20 -> 0
A21: 4BR | C21: =IFERROR(B21/$B$22,0) -> 0 | D21: =ROUNDUP((C21*$C$9),0) -> 0 | F21: 371476 | G21: =F21*E21 -> 0
A22: Total # of Units | B22: =SUM(B17:B21) -> 0 | E22: =SUM(E17:E21) -> 0 | F22: TOTAL | G22: =SUM(G17:G21) -> 0
A24: Minimum Number of HOME units required | D24: =SUM(D17:D21) -> 0
A27: Distribution of units by size | D27: Determine Number of HTF Units | F27: Maximum per unit subsidy effective:
F28: 46153
A29: Unit Size | B29: Enter # of units by size | C29: % of Project | D29: Minimum # of HTF units | E29: Enter number of HTF units | F29: Maximum per unit subsidy | G29: Maximum subsidy given the number of HTF units
I31: CDBG Assisted Units
A32: 0BR | C32: =IFERROR(B32/$B$37,0) -> 0 | D32: =ROUNDUP((C32*$G$9),0) -> 0 | F32: 187658 | G32: =F32*E32 -> 0 | I32: CDBG Funds Requested | K32: ='Sources of Funds'!C20 -> 0
A33: 1BR | C33: =IFERROR(B33/$B$37,0) -> 0 | D33: =ROUNDUP((C33*$G$9),0) -> 0 | F33: 215121 | G33: =F33*E33 -> 0 | I33: CDBG Eligible Costs | K33: =G5 -> 0
A34: 2BR | C34: =IFERROR(B34/$B$37,0) -> 0 | D34: =ROUNDUP((C34*$G$9),0) -> 0 | F34: 261595 | G34: =F34*E34 -> 0 | I34: = % CDBG funds | K34: =IFERROR(K32/K33,0) -> 0
A35: 3BR | C35: =IFERROR(B35/$B$37,0) -> 0 | D35: =ROUNDUP((C35*$G$9),0) -> 0 | F35: 338419 | G35: =F35*E35 -> 0 | I35: # units in Project | K35: =Rents!B33 -> 0
A36: 4BR | C36: =IFERROR(B36/$B$37,0) -> 0 | D36: =ROUNDUP((C36*$G$9),0) -> 0 | F36: 371476 | G36: =F36*E36 -> 0 | I36: = # CDBG units | K36: =K35*K34 -> 0
A37: Total # of Units | B37: =SUM(B32:B36) -> 0 | E37: =SUM(E32:E36) -> 0 | F37: TOTAL | G37: =SUM(G32:G36) -> 0 | I37: (rounded up to): | K37: =ROUNDUP(K36,0) -> 0
A39: Minimum Number of HTF units required | D39: =SUM(D32:D36) -> 0 | I39: Minimum Number of CDBG units required | K39: =K37 -> 0

Sheet Commerce
A1: Commerce Internal Reviews
C3: Land Cost | F3: ='Uses of Funds'!C8 -> 0
C4: Building / Acquisition | F4: ='Uses of Funds'!C9 -> 0
C5: Site Work | F5: ='Uses of Funds'!C18 -> 0
C6: Construction and Rehab | F6: ='Uses of Funds'!C35 -> 0
C7: Professional Work and Fees | F7: ='Uses of Funds'!C51 -> 0
C8: Construction / Interim Fees | F8: ='Uses of Funds'!C70 -> 0
C9: Permanent Financing Fees | F9: ='Uses of Funds'!C83 -> 0
C10: Soft Costs | F10: ='Uses of Funds'!C101 -> 0
C11: Syndication Costs | F11: ='Uses of Funds'!C110 -> 0
C12: Developer Fees | F12: ='Uses of Funds'!C119 -> 0
C13: Project Reserves | F13: ='Uses of Funds'!C128 -> 0
C14: Total Project Costs | G14: =SUM(F3:F13) -> 0
C16: Construction Costs (Site Work + Const/Rehab) | G16: =F5+F6 -> 0
C17: Hard Costs (Const Costs + Building/Acq) | G17: =F4+F5+F6 -> 0
C18: Total Project Costs less Dev Fees, Reserves, Land | G18: =G14-F13-F12-F3 -> 0
C20: Annual Operating Expenses | F20: ='Utilities and OpEx'!G45 -> 0
C21: Annual Replacement Reserves | F21: ='Utilities and OpEx'!G46 -> 0
C22: Annual Debt Service | F22: ='Sources of Funds'!H24 -> 0
C23: Total | G23: =SUM(F20:F22) -> 0
C24: 4 months of Total | G24: =(G23/12)*4 -> 0
C26: Project Cost Limitations
E27: Limits | F27: Project | G27: Cost | H27: Basis
C28: General Requirements | E28: 0.06 | F28: =IFERROR(G28/H28,0) -> 0 | G28: ='Uses of Funds'!C25 -> 0 | H28: =G16 -> 0
C29: Contractor Overhead | E29: 0.02 | F29: =IFERROR(G29/H29,0) -> 0 | G29: ='Uses of Funds'!C26 -> 0 | H29: =G16 -> 0
C30: Contractor Profit | E30: 0.06 | F30: =IFERROR(G30/H30,0) -> 0 | G30: ='Uses of Funds'!C27 -> 0 | H30: =G16 -> 0
C31: Developer Fees | E31: 0.15 | F31: =IFERROR(G31/H31,0) -> 0 | G31: =F12 -> 0 | H31: =G18 -> 0
C32: Contingency | E32: 10% - 20% | F32: =SUM('Uses of Funds'!C28:C29) -> 0
C33: Starting DCR | E33: ='Pro Forma'!K8 -> 0 | J33: 1 to 1.20
C34: Ending DCR | E34: =IF(IF('Sources of Funds'!C19=0,"",30)=30,'Pro Forma'!K37,(IF('Sources of Funds'!C18=0,"",'Pro Forma'!K27))) | J34: 1 to 1.20
A35: Deferred Developer Fee | E35: ='Sources of Funds'!C21 -> 0 | F35: =E35/SUM('Pro Forma'!J8:J17) -> #DIV/0! | G35: Years to pay off Deferred Developer Fee | J35: 0-12 years
